 Dungeon Crawl Stone Soup version 0.26.1-10-gdfb7c7de75 (webtiles) character file.

Game seed: 13920550174269219801

50 MajorAdolf the Skirmisher (level 3, 35/36 HPs)
             Began as a Naga Wanderer on Mar 17, 2021.
             Quit the game on level 2 of the Dungeon on Apr 3, 2021.
             The game lasted 00:04:42 (2506 turns).

MajorAdolf the Skirmisher (Naga Wanderer)           Turns: 2506, Time: 00:04:43

Health: 35/36      AC:  3    Str: 16    XL:     3   Next: 79%
Magic:  12/12      EV:  9    Int: 12    God:
Gold:   86         SH:  0    Dex:  9    Spells: 2/2 levels left

rFire    . . .     SeeInvis +   a - +2 mace
rCold    . . .     Faith    .   (no shield)
rNeg     . . .     Spirit   .   d - +0 robe
rPois    +         Reflect  .   (no helmet)
rElec    .         Harm     .   n - +0 cloak
rCorr    .         Rampage  .   (no gloves)
Will     .....                  (no barding)
Stlth    ++........             (no amulet)
HPRegen  0.12/turn              g - ring of flight
MPRegen  0.13/turn              j - ring of magical power

@: very slow
A: large, see invisible, deformed body, poison resistance, slowness 2, spit
poison 1, AC +1
a: Spit Poison, Evoke Flight


You were on level 2 of the Dungeon.
You visited 1 branch of the dungeon, and saw 2 of its levels.

You collected 86 gold pieces.

Inventory:

Hand Weapons
 a - a +2 mace (weapon)
 e - a +0 dagger
 m - a +0 hand axe
Armour
 d - a +0 robe (worn)
 n - a +0 cloak (worn)
 o - a +0 ring mail
Jewellery
 g - a ring of flight (left hand)
 j - a ring of magical power (right hand)
Scrolls
 b - a scroll of teleportation
 c - a scroll of amnesia {unknown}
 h - 5 scrolls of identify {unknown}
 i - a scroll of fog {unknown}
 k - a scroll of blinking {unknown}
 l - a scroll of remove curse {unknown}
Potions
 f - 3 potions of curing {unknown}


   Skills:
 + Level 4.2 Fighting
 + Level 0.9(1.1) Axes
 - Level 1.0(1.1) Maces & Flails
 - Level 1.1 Throwing
 + Level 1.3 Armour
 + Level 1.3 Dodging
 + Level 3.4 Stealth
 + Level 0.5 Shields
 + Level 1.1 Evocations


You had 2 spell levels left.
You didn't know any spells.
Your spell library was empty.

Dungeon Overview and Level Annotations

Branches:
Dungeon (2/15)

Altars:


Innate Abilities, Weirdness & Mutations

You cannot wear boots.
Your serpentine skin is tough. (AC +1)
You have supernaturally acute eyesight. (SInv)
Armour fits poorly on your strangely shaped body.
Your system is resistant to poisons. (rPois)
You cover ground very slowly.
You can spit poison.


Message History

You hit the leopard gecko.
The leopard gecko is heavily wounded.
The leopard gecko bites you.
You closely miss the leopard gecko.
The leopard gecko is heavily wounded.
You have got your breath back.
The leopard gecko bites you but does no damage.
The leopard gecko barely misses you.
You sock the leopard gecko!
You kill the leopard gecko!
You see here a leopard gecko corpse.
Unknown command.
Unknown command.
Welcome back, MajorAdolf the Naga Wanderer.
Press ? for a list of commands and other information.
Drop what? 15/52 slots (_ for help) (? for menu, Esc to quit)
Okay, then.
Welcome back, MajorAdolf the Naga Wanderer.
Press ? for a list of commands and other information.
Are you sure you want to abandon this character and quit the game? (Confirm with "yes".)

#...........#
...........#
.........)#
.........#
#.......#
#.......#
#.......#
+..@....#
#.###......)###
..............+
#.#####.##.####
####.##..#
#....###.# #+#
##+#.#### #.##
#.# #......#
#..###.####
#......#
##........#


There were no monsters in sight!

Vanquished Creatures
  2 adders
  A dart slug (D:1)
  A leopard gecko (D:2)
  3 goblins
  3 hobgoblins
  5 kobolds
  8 bats
  3 frilled lizards
  5 rats (D:1)
31 creatures vanquished.

Notes
Turn   | Place    | Note
-------+----------+-------------------------------------------
     0 | D:1      | MajorAdolf the Naga Wanderer began the quest for the Orb.
     0 | D:1      | MajorAdolf set off with the following items: a +2 mace, a
                  | scroll of teleportation, a potion of lignification, a +0
                  | robe, a +0 dagger
     0 | D:1      | Reached XP level 1. HP: 22/22 MP: 1/1
   419 | D:1      | Reached XP level 2. HP: 19/30 MP: 2/2
   908 | D:1      | HP: 1/45 [frilled lizard (2)]
  1678 | D:1      | HP: 1/30 [adder (3)]
  1681 | D:1      | Reached XP level 3. HP: 2/36 MP: 3/3
  2224 | D:2      | Reached skill level 1 in Evocations
  2506 | D:2      | Upgraded the game from 0.26.1-2-gb8aa6d0cf2 to
                  | 0.26.1-10-gdfb7c7de75
  2506 | D:2      | Quit the game

Illustrated notes

Levels and vault maps discovered:
D:1:      dpeg_arrival_simpleton_c, layout_loops_corners
D:2:      layout_basic, overflow_temple_1_default

Skill      XL: |  1  2  3 |
---------------+----------+-----
Evocations     | 1 |  1.1
Fighting       | |  4.2
Axes           | |  0.9
Maces & Flails | |  1.0
Throwing       | |  1.1
Armour         | |  1.3
Dodging        | |  1.3
Stealth        | |  3.4
Shields        | |  0.5

Action                   || total
-------------------------++-------
Melee: Mace              ||    67
 Abil: Spit Poison       ||    11
  Use: Potion            ||     1
 Stab: Sleeping          ||     4
Armor: Robe              ||    25
       Skin              ||     2
Dodge: Dodged            ||    50
